 Dungeon Crawl Stone Soup version 0.17-a0-2231-gd80ca38 (webtiles) character file.

190 ololoev the Cudgeler (level 5, -1/30 HPs)
             Began as a Gargoyle Gladiator on Oct 29, 2015.
             Slain by Menkaure (13 damage)
             ... on level 4 of the Dungeon.
             The game lasted 00:05:45 (949 turns).

ololoev the Cudgeler (Gargoyle Gladiator)            Turns: 949, Time: 00:05:45

Health: -1/30      AC: 18    Str: 20    XL:     5   Next: 69%
Magic:  14/14      EV:  8    Int:  8    God:
Gold:   33         SH:  0    Dex: 10    Spells: 0 memorised, 4 levels left

rFire  + . .     SeeInvis .     a - +0 flail
rCold  . . .     Clarity  .     r - +1 chain mail {rF+}
rNeg   + . .     SustAt   .     (no shield)
rPois  ∞         Gourm    .     c - +0 helmet
rElec  +         Spirit   .     (no cloak)
rCorr  .         Warding  .     n - +0 pair of gloves
rMut   .         Stasis   .     h - +0 pair of boots
MR     .....                    (no amulet)
Stlth  ..........               b - +2 ring of protection
                                g - ring of magical power

@: not resistant to hostile enchantments, extremely unstealthy
A: negative energy resistance 1, electricity resistance, unbreathing,
petrification resistance, rot immunity, AC +4
a: no special abilities


Innate Abilities, Weirdness & Mutations

You are resistant to torment.
Your stone body is resilient (AC +4).
You are immune to poison.
You resist negative energy.
You are resistant to electric shocks.
You can survive without breathing.
You are immune to petrification.
You are immune to rotting.

Inventory:

Hand Weapons
 a - a +0 flail (weapon)
Missiles
 d - 3 throwing nets (quivered)
Armour
 c - a +0 helmet (worn)
 h - a +0 pair of boots (worn)
 n - a +0 pair of gloves (worn)
 r - a +1 chain mail of fire resistance (worn)
Jewellery
 b - a +2 ring of protection (right hand)
 g - a ring of magical power (left hand)
Wands
 k - a wand of slowing (6)
Scrolls
 f - 2 scrolls of recharging {unknown}
 m - a scroll of identify {unknown}
 o - a scroll of enchant weapon {unknown}
 p - a scroll of fog {unknown}
 q - a scroll of fear {unknown}
Comestibles
 e - 2 bread rations
 i - a beef jerky
 j - a meat ration
 l - 6 chunks of flesh


   Skills:
 - Level 2.1 Fighting
 * Level 5.8 Maces & Flails
 - Level 1.7 Throwing
 + Level 2.0 Armour
 - Level 2.4 Dodging


You had 4 spell levels left.
You didn't know any spells.


You were on level 4 of the Dungeon.
You were not hungry.

You visited 1 branch of the dungeon, and saw 4 of its levels.

You collected 33 gold pieces.

#### ####### #(..
.....# #.#. ...#
#####.#.
###.#########.....#.
#..@.......#...#####
#.#M######........#.
.....# #........#.
###.### ####.###.#
#. #.# ... . #.# ##
.# #+# #.

Notes
Turn   | Place    | Note
--------------------------------------------------------------
     0 | D:1      | ololoev the Gargoyle Gladiator began the quest for the Orb.
     0 | D:1      | Reached XP level 1. HP: 12/12 MP: 1/1
   123 | D:2      | Found an ancient bone altar of Kikubaaqudgha.
   142 | D:2      | Noticed Robin
   174 | D:2      | Reached XP level 2. HP: 7/17 MP: 2/2
   642 | D:3      | Noticed Ijyb
   644 | D:3      | Noticed emiel's ghost (weakling HuNe)
   678 | D:3      | Killed Ijyb
   678 | D:3      | Reached skill level 4 in Maces & Flails
   678 | D:3      | Reached XP level 3. HP: 21/21 MP: 3/3
   683 | D:3      | Killed emiel's ghost
   683 | D:3      | Reached XP level 4. HP: 19/26 MP: 4/4
   797 | D:3      | Noticed Terence
   819 | D:3      | Killed Terence
   819 | D:3      | Reached skill level 5 in Maces & Flails
   834 | D:3      | Noticed Purgy
   871 | D:3      | Killed Purgy
   871 | D:3      | Reached XP level 5. HP: 19/30 MP: 5/5
   938 | D:4      | Noticed Menkaure
   949 | D:4      | Slain by Menkaure

Dungeon Overview and Level Annotations

Branches:
Dungeon (4/15)
 Temple: D:4-7

Altars:
Kikubaaqudgha

Annotations:
D:2 Robin
D:4 Menkaure


Message History

Found a stone staircase leading down.
A rat comes into view.
There is a stone staircase leading down here.
You climb downwards.
There is a stone staircase leading up here.
Found 29 stones.
You see here 29 stones.
Some of the chunks of flesh in your inventory have rotted away.
Menkaure, Prince of Dust comes into view.
Menkaure shouts!
Drink which item? (? for menu, Esc to quit)
Okay, then.
You hit Menkaure.
Menkaure is lightly damaged.
Menkaure hits you but does no damage.
You hit Menkaure but do no damage.
Menkaure is lightly damaged.
Menkaure forgets how to to speak, silenced by the ages.
Menkaure hits you!
You thump Menkaure!
Menkaure is heavily damaged.
Menkaure barely misses you.
You hit Menkaure but do no damage.
Menkaure is heavily damaged.
Menkaure calls on the powers of darkness!
Your body is wracked with pain!
You hit Menkaure.
Menkaure is heavily damaged.
You completely miss Menkaure.
Menkaure is heavily damaged.
Menkaure hits you!
Drink which item? (? for menu, Esc to quit)
You feel better. Menkaure closely misses you.
You barely miss Menkaure.
Menkaure is heavily damaged.
Menkaure hits you.
You barely miss Menkaure.
Menkaure is heavily damaged.
Menkaure hits you!
You die...

You could see Menkaure.

Vanquished Creatures
  Purgy (D:3)
  Ijyb (D:3)
  Terence (D:3)
  The ghost of emiel the Grave Robber, a weakling HuNe (D:3)
  An adder (D:3)
  2 giant cockroaches (D:3)
  2 goblins (D:2)
  5 hobgoblins
  A quokka (D:2)
  A bat (D:1)
  A giant gecko (D:2)
  6 giant newts (D:2)
  A rat (D:2)
24 creatures vanquished.

Action                   |  1- 3 |  4- 6 || total
-------------------------+-------+-------++-------
Melee: Flail             |    91 |    76 ||   167
Evoke: Wand              |     4 |     4 ||     8
  Use: Potion            |     2 |     1 ||     3
  Eat: Chunk             |       |     1 ||     1

Vault maps used:
D:1:      nicolae_arrival_washed_ashore, minivault_19, hangedman_decor_riveting
D:2:      yredelemnul_forgotten_temple_becter, kiku_gazebo_garden_becter,
          first_bread, minmay_newt_pond, uniq_robin
D:3:      nicolae_overflow_crystal_walls, fedhas_altar_2, uniq_iyjb,
          uniq_terence, uniq_purgy
D:4:      hangedman_decor_peaks_small, kennysheep_generic_room_10,
          uniq_menkaure, uniq_duvessa
